Map: Deathaura LE

Players

Van (Vanya) - Winner!

  • Race: Zerg Zerg
  • Spawn Location: 11:00

Garitos

  • Race: Zerg Zerg
  • League: Grandmaster
  • Spawn Location: 5:00

Event: DreamHack SC2 Masters 2020 Fall

VOD

Have the link to the VOD?

Description

Time

  • Played on: Aug. 26, 2020, 1:30 p.m.
  • Length: 14:27

All games in this series

Show
View Real Time Build Order
Export as new Build Order

Van Zerg - Winner!

Build Orders: Hatch First 

Get SALT Encoding   

  12  0:00  Drone  
  13  0:12  Overlord  
  13  0:16  Drone  
  14  0:30  Drone x2  
  16  0:48  Hatchery  
  15  0:52  Drone  
  15  0:55  Drone  
  17  0:58  Drone  
  18  1:09  Extractor  
  17  1:13  Spawning Pool  
  17  1:16  Drone  
  17  1:20  Drone  
  18  1:27  Drone  
  19  1:38  Drone  
  20  1:48  Overlord  
  20  2:00  Queen x2  
  24  2:01  Zergling x4  
  26  2:09  Metabolic Boost  
  26  2:11  Drone x2  
  28  2:22  Drone x2  
  30  2:34  Hatchery  
  30  2:36  Drone  
  30  2:42  Drone  
  31  2:46  Drone, Overlord  
  32  2:55  Drone x2  
  34  3:04  Evolution Chamber  
  34  3:05  Zergling x4  
  35  3:09  Drone x3  
  38  3:14  Drone x2  
  38  3:18  Overlord  
  38  3:19  Drone  
  41  3:24  Drone  
  42  3:29  Roach Warren  
  42  3:33  Drone  
  42  3:37  Drone  
  42  3:39  Drone x2  
  45  3:45  Drone x2  
  47  3:50  Drone x2, Extractor  
  47  3:51  Extractor  
  45  3:58  Drone x2  
  45  4:01  Zergling x4  
  48  4:11  Evolution Chamber, Roach x3  
  52  4:17  Overlord  
  52  4:22  Roach x2  
  56  4:27  Evolution Chamber  
  56  4:28  Overlord  
  55  4:32  Roach  
  55  4:34  Evolution Chamber  
  55  4:36  Evolution Chamber  
  55  4:37  Roach x5  
  63  4:46  Roach Warren  
  63  4:48  Zergling x2  
  63  4:49  Zergling x4  
  56  4:54  Zergling x4  
  48  5:02  Evolution Chamber  
  48  5:05  Drone  
  48  5:06  Drone  
  49  5:10  Drone x4  
  50  5:18  Drone x2  
  49  5:27  Drone  
  49  5:28  Drone  
  47  5:30  Zerg Missile Weapons Level 1  
  47  5:34  Drone  
  48  5:42  Lair  
  47  5:45  Drone  
  47  5:46  Drone  
  49  5:53  Roach Warren  
  49  5:55  Drone  
  49  5:58  Drone  
  49  6:04  Drone x2  
  49  6:06  Drone  
  49  6:10  Drone  
  51  6:15  Queen  
  53  6:20  Drone  
  53  6:21  Drone  
  53  6:24  Drone  
  56  6:25  Drone  
  56  6:27  Drone  
  56  6:31  Drone  
  59  6:33  Drone  
  59  6:34  Drone  
  59  6:39  Overseer  
  61  6:41  Glial Reconstitution  
  61  6:43  Drone  
  62  6:47  Overlord  
  62  6:50  Roach  
  64  6:56  Roach  
  64  6:58  Overlord  
  66  7:06  Roach x4  
  74  7:17  Roach x2  
  82  7:22  Roach  
  82  7:23  Roach  
  82  7:26  Overlord x2  
  82  7:29  Overlord  
  82  7:33  Overlord  
  74  7:41  Drone x5  
  66  8:04  Evolution Chamber  
  65  8:08  Spire  
  65  8:11  Drone  
  65  8:13  Drone  
  65  8:16  Drone  
  65  8:18  Drone x2  
  70  8:20  Drone  
  70  8:23  Drone  
  70  8:25  Drone  
  73  8:28  Drone  
  73  8:31  Drone  
  73  8:33  Drone  
  76  8:35  Drone  
  76  8:37  Extractor  
  76  8:40  Drone  
  76  8:41  Drone  
  78  8:43  Drone  
  78  8:45  Drone  
  80  8:53  Drone x2  
  76  8:57  Overlord  
  76  8:58  Ravager x2  
  76  9:03  Roach x3  
  68  9:11  Overlord  
  64  9:22  Mutalisk x3  
  64  9:23  Evolution Chamber  
  69  9:25  Mutalisk  
  69  9:29  Roach x2  
  75  9:32  Roach  
  75  9:37  Roach x2  
  81  9:42  Roach x2  
  85  10:04  Mutalisk x6  
  97  10:17  Hatchery  
  96  10:28  Zerg Flyer Weapons Level 1  
  96  10:30  Roach  
  96  10:31  Roach x2  
  102  10:41  Mutalisk x3  
  108  10:50  Overlord  
  108  11:03  Drone x2  
  110  11:09  Drone x8  
  118  11:13  Extractor  
  118  11:14  Extractor  
  118  11:16  Mutalisk x2  
  116  11:34  Mutalisk x4  
  116  11:35  Overlord  
  116  11:39  Ravager  
  125  11:43  Drone x4  
  129  11:53  Roach x4  
  137  12:00  Zerg Missile Weapons Level 2  
  137  12:05  Zerg Ground Armor Level 1  
  137  12:07  Overlord  
  137  12:09  Roach x2  
  137  12:13  Overlord  
  141  12:18  Roach x2  
  141  12:19  Roach  
  147  12:23  Ravager  
  147  12:24  Overlord  
  147  12:25  Overlord  
  147  12:29  Overlord  
  148  12:31  Overlord  
  148  12:34  Roach x3  
  154  12:44  Roach x4  
  161  12:49  Overlord  
  161  12:51  Drone  
  161  12:52  Drone x2  
  164  13:03  Hatchery  
  163  13:08  Roach x2  
  167  13:23  Roach x7  
  181  13:33  Overlord  
  181  13:37  Roach x5  
  189  13:44  Roach x3  
  195  13:57  Roach x2  
Show
View Real Time Build Order
Export as new Build Order

Garitos Zerg 

Build Orders: 3 Hatch before Pool 

Get SALT Encoding   

  12  0:00  Drone  
  13  0:11  Overlord  
  13  0:19  Drone  
  14  0:29  Drone x2  
  16  0:48  Hatchery  
  15  0:52  Drone  
  15  0:55  Drone  
  17  0:58  Drone  
  18  1:19  Hatchery  
  18  1:22  Drone  
  18  1:26  Drone, Extractor  
  18  1:40  Spawning Pool  
  18  1:42  Drone  
  18  1:48  Drone  
  18  1:49  Drone  
  20  2:00  Drone x2  
  22  2:15  Drone  
  23  2:18  Drone  
  24  2:27  Metabolic Boost  
  24  2:30  Queen  
  24  2:31  Queen  
  24  2:35  Drone  
  29  2:37  Evolution Chamber  
  29  2:38  Drone x2  
  29  2:43  Overlord  
  30  2:49  Zergling x4  
  30  2:50  Zergling x2  
  33  2:52  Evolution Chamber  
  33  2:54  Zergling x2  
  33  2:57  Overlord  
  34  3:02  Zergling x2  
  34  3:05  Zergling x2  
  36  3:10  Zergling x2  
  36  3:11  Zergling x4  
  39  3:14  Evolution Chamber  
  39  3:18  Zergling x6  
  42  3:24  Baneling Nest  
  42  3:26  Zergling x2  
  42  3:27  Zergling x2  
  42  3:28  Zergling x2  
  44  3:49  Zergling x4  
  44  3:50  Evolution Chamber, Overlord  
  44  3:51  Zergling x6  
  48  4:00  Zergling x6  
  50  4:05  Overlord  
  50  4:09  Zergling x6  
  53  4:11  Zergling x4  
  53  4:16  Zergling x2  
  56  4:19  Baneling  
  56  4:20  Baneling x5  
  56  4:21  Zergling x2  
  56  4:23  Zergling x2  
  58  4:26  Zergling x2  
  58  4:28  Baneling  
  58  4:32  Zergling x2  
  58  4:33  Zergling x2  
  52  4:48  Zergling x16  
  52  4:52  Zergling x2  
  55  4:57  Zergling x2  
  55  4:58  Zergling x2  
  49  5:01  Drone  
  49  5:04  Zerg Melee Weapons Level 1  
  47  5:12  Drone x2  
  47  5:14  Drone x2  
  47  5:18  Zergling x2  
  48  5:24  Drone  
  48  5:30  Drone x2  
  48  5:31  Queen  
  50  5:38  Drone  
  51  5:42  Drone  
  51  5:43  Drone  
  52  5:56  Hatchery  
  51  6:00  Drone x2  
  51  6:02  Zergling x2  
  51  6:03  Zergling x10  
  58  6:05  Zergling x2  
  58  6:10  Zergling x2  
  60  6:13  Zergling x2  
  61  6:20  Zergling x4  
  61  6:22  Zergling x2  
  61  6:23  Zergling x2  
  61  6:25  Overlord x2  
  65  6:34  Roach Warren  
  65  6:35  Zergling x2  
  65  6:39  Overlord  
  65  6:42  Baneling x10  
  65  6:43  Baneling  
  65  6:45  Zergling x8  
  69  6:48  Zergling x2  
  69  6:50  Zergling x2  
  69  6:51  Zergling x4  
  69  6:52  Zergling x2  
  74  6:55  Zergling x2  
  74  6:56  Baneling  
  74  6:57  Zergling x2  
  76  7:02  Zergling x6  
  76  7:03  Zergling x2  
  76  7:04  Zergling x2  
  76  7:06  Zergling x2  
  76  7:08  Baneling  
  82  7:09  Zergling x2  
  82  7:10  Zergling x2  
  82  7:12  Zergling x2  
  82  7:13  Zergling x2  
  86  7:20  Zergling x2  
  86  7:24  Baneling x2  
  86  7:25  Zergling x2  
  86  7:26  Zergling x6  
  70  7:38  Zergling x2  
  58  7:45  Zergling x2  
  58  7:51  Zergling x18  
  57  7:52  Zergling x2  
  57  7:57  Zergling x4  
  60  8:00  Zergling x2  
  60  8:03  Zergling x2  
  62  8:07  Zergling x2  
  62  8:08  Baneling x2  
  62  8:09  Baneling x2  
  62  8:10  Baneling  
  63  8:16  Drone x4  
  63  8:17  Queen  
  63  8:19  Zergling x2  
  70  8:24  Zergling x6  
  70  8:25  Zergling x4  
  70  8:27  Zergling x2  
  76  8:31  Zergling x2  
  76  8:33  Zergling x2  
  78  8:35  Zergling x8  
  78  8:37  Zergling x2  
  83  8:42  Spore Crawler  
  83  8:44  Zergling x4  
  83  8:45  Overlord  
  78  8:57  Drone x6  
  78  9:02  Lair  
  76  9:08  Drone x4  
  76  9:09  Hatchery  
  75  9:17  Drone x3  
  75  9:22  Extractor x2, Zerg Missile Weapons Level 1  
  74  9:32  Drone x3  
  74  9:33  Drone  
  74  9:34  Drone x3  
  74  9:35  Extractor x2  
  80  9:38  Drone x2  
  80  9:39  Drone x2  
  80  9:40  Roach x2  
  87  9:47  Roach  
  87  9:48  Queen  
  87  9:52  Queen  
  91  9:55  Spore Crawler  
  91  9:56  Spore Crawler  
  91  9:58  Spore Crawler  
  87  10:01  Roach x3  
  87  10:05  Roach, Spore Crawler  
  87  10:06  Roach  
  95  10:08  Roach  
  95  10:13  Overlord x2  
  97  10:20  Overlord  
  97  10:23  Glial Reconstitution  
  97  10:25  Overlord  
  97  10:28  Spore Crawler  
  97  10:30  Queen  
  97  10:31  Overlord  
  97  10:33  Overlord  
  98  10:35  Spore Crawler  
  98  10:37  Spore Crawler  
  98  10:42  Drone x3  
  97  10:43  Drone x2  
  97  10:48  Drone x3  
  102  10:50  Drone x2  
  102  10:53  Drone x2  
  106  11:02  Hydralisk Den  
  102  11:05  Drone x3, Spore Crawler  
  102  11:06  Drone  
  105  11:12  Roach x2  
  105  11:14  Roach x3  
  105  11:15  Roach  
  118  11:18  Roach  
  118  11:19  Roach  
  118  11:21  Roach  
  118  11:22  Roach  
  124  11:30  Overlord  
  122  11:36  Hydralisk  
  122  11:38  Infestation Pit, Overlord x2  
  123  11:40  Overlord  
  123  11:41  Overlord  
  123  11:43  Burrow  
  123  11:44  Overlord  
  123  11:47  Overlord, Spore Crawler  
  123  11:49  Spore Crawler  
  123  11:52  Grooved Spines, Spore Crawler  
  118  12:00  Drone x2  
  118  12:01  Drone x3  
  122  12:05  Queen  
  127  12:15  Spore Crawler  
  127  12:20  Hive  
  127  12:21  Hydralisk x3  
  127  12:22  Hydralisk x3  
  133  12:27  Overlord  
  135  12:30  Hydralisk  
  135  12:31  Spore Crawler  
  136  12:41  Roach x2  
  136  12:42  Roach  
  136  12:43  Roach x2  
  142  12:50  Hydralisk, Hatchery  
  143  12:52  Overlord  
  143  12:59  Overlord  
  143  13:01  Extractor  
  143  13:02  Extractor  
  143  13:04  Overlord  
  140  13:06  Hydralisk x2  
  140  13:10  Drone, Lurker Den, Spore Crawler  
  141  13:16  Drone x2  
  141  13:18  Extractor  
  141  13:19  Overlord  
  138  13:35  Hydralisk  
  138  13:37  Viper  
  142  13:45  Drone x2, Extractor  
  142  13:46  Drone, Extractor, Overlord  
  143  13:50  Drone x3  
  143  13:51  Drone, Spore Crawler  
  145  13:56  Overlord  
  145  13:58  Hydralisk x3  
  145  14:01  Drone x2  
  153  14:05  Roach x2  

Tags
 
Add a new tag
Caveats
  • Supply blocks, unpowered buildings, or Contaminate may cause inaccurate times.
  • Supply counts are checked every 10 seconds.